 Dungeon Crawl Stone Soup version 0.23-a0-448-g1c01f63 (webtiles) character file.

15313 nikopol the Eclecticist (level 12, -9/62 HPs)
             Began as a Deep Elf Fire Elementalist on Nov 20, 2018.
             Was a Priest of Vehumet.
             Mangled by a komodo dragon (24 damage)
             ... on level 2 of the Lair of Beasts.
             The game lasted 00:38:52 (15314 turns).

nikopol the Eclecticist (DEFE)                     Turns: 15314, Time: 00:38:53

Health: -9/62      AC:  7    Str:  5    XL:     12   Next: 0%
Magic:  18/33      EV: 15    Int: 26    God:    Vehumet [***...]
Gold:   537        SH:  0    Dex: 15    Spells: 24/41 levels left

rFire    . . .     SeeInvis .   C - +0 short sword (elec)
rCold    . . .     Gourm    .   (no shield)
rNeg     . . .     Faith    .   a - +0 robe
rPois    .         Spirit   .   n - +0 helmet
rElec    .         Reflect  .   q - +1 cloak
rCorr    .         Harm     .   (no gloves)
MR       +....                  l - +1 pair of boots
Stlth    +++.......             (no amulet)
HPRegen  0.20/turn              (no ring)
MPRegen  0.23/turn              (no ring)

@: no status effects
A: no striking features
a: Renounce Religion


You were on level 2 of the Lair of Beasts.
You worshipped Vehumet.
Vehumet was most pleased with you.
You were not hungry.

You visited 3 branches of the dungeon, and saw 13 of its levels.

You collected 645 gold pieces.
You spent 108 gold pieces at shops.

Inventory:

Hand Weapons
 C - a +0 short sword of electrocution (weapon)
Armour
 a - a +0 robe (worn)
 l - a +1 pair of boots (worn)
 n - a +0 helmet (worn)
 q - a +1 cloak (worn)
Jewellery
 E - an uncursed ring of stealth {unknown}
Wands
 s - a wand of iceblast (13)
 y - a wand of flame (25)
 B - a wand of polymorph (4)
Scrolls
 b - a scroll of fear {unknown}
 d - 6 scrolls of teleportation
 e - 4 scrolls of magic mapping
 g - 2 scrolls of fog {unknown}
 j - a scroll of random uselessness {unknown}
 o - 4 scrolls of immolation {unknown}
 p - 2 scrolls of enchant weapon {unknown}
 t - 3 scrolls of remove curse
 v - a scroll of amnesia {unknown}
 z - 3 scrolls of blinking {unknown}
 F - a scroll of identify
 G - a scroll of brand weapon {unknown}
Potions
 f - 2 potions of brilliance
 h - 3 potions of invisibility
 i - 5 potions of curing
 k - 2 potions of magic
 m - 2 potions of flight
 r - a potion of degeneration {unknown}
 u - 3 potions of heal wounds
 w - a potion of cancellation {unknown}
 x - 3 potions of haste {unknown}
 A - a potion of ambrosia {unknown}
Comestibles
 c - 19 rations
 D - 6 chunks of flesh


   Skills:
 + Level 1.9 Fighting
 + Level 5.3 Dodging
 + Level 4.4 Stealth
 + Level 15.2 Spellcasting
 + Level 11.1 Conjurations
 + Level 11.4 Fire Magic
 + Level 0.2 Evocations


You had 24 spell levels left.
You knew the following spells:

 Your Spells              Type           Power        Failure   Level  Hunger
a - Flame Tongue          Conj/Fire      #####        1%          1    None
b - Throw Flame           Conj/Fire      ######       1%          2    None
c - Conjure Flame         Conj/Fire      ######..     1%          3    None
d - Sticky Flame          Conj/Fire      ######..     1%          4    None
e - Fireball              Conj/Fire      ######....   1%          5    #......
f - Blink                 Tloc           N/A          4%          2    None

Your spell library contained the following spells:

 Spells                   Type           Power        Failure   Level  Hunger
 Stone Arrow              Conj/Erth      #####.       1%          3    None
 Magic Dart               Conj           ####         1%          1    None
 Inner Flame              Hex/Fire       #####...     1%          3    None
 Mephitic Cloud           Conj/Pois/Air  #####...     1%          3    None
 Animate Skeleton         Necr           N/A          2%          1    None
 Apportation              Tloc           ###...       2%          1    None
 Confusing Touch          Hex            ###...       2%          1    None
 Pain                     Necr           ###.         2%          1    None
 Call Imp                 Summ           ###.....     4%          2    None
 Ensorcelled Hibernation  Hex/Ice        ###...       4%          2    None
 Slow                     Hex            ###.....     4%          2    None
 Confuse                  Hex            ###.....     9%          3    None
 Gell's Gravitas          Tloc           ###.......   9%          3    None
 Regeneration             Chrm/Necr      ###.......   9%          3    None
 Spectral Weapon          Hex/Chrm       ###.....     9%          3    None
 Vampiric Draining        Necr           ###.......   9%          3    None
 Yara's Violent Unravell  Hex/Tmut       ###.......   19%         5    #......
 Animate Dead             Necr           N/A          26%         4    None
 Petrify                  Tmut/Erth      ###.....     26%         4    None
 Metabolic Englaciation   Hex/Ice        ###.......   58%         5    #......
 Discord                  Hex            ###.......   100%        8    #######


Dungeon Overview and Level Annotations

Branches:
Dungeon (10/15)            Temple (1/1) D:5            Lair (2/6) D:10
  Swamp (0/4) Lair:2
  Snake: Lair:2-4    Spider: Lair:2-4       Orc: D:9-12

Altars:
Ashenzari
Cheibriados
Dithmenos
Elyvilon
Fedhas
Gozag
Hepliaklqana
Kikubaaqudgha
Makhleb
Nemelex Xobeh
Okawaru
Qazlal
Ru
Sif Muna
Trog
Uskayaw
Vehumet
Wu Jian
Xom
Yredelemnul
Zin
The Shining One

Shops:
D:4 *?   D:10 [


Message History

The water moccasin burns!
You kill the water moccasin!
Vehumet accepts your kill.
Vehumet is aiding your destructive magics.
You feel your power returning.
You have reached level 12!
Your experience leads to an increase in your attributes!
Increase (S)trength, (I)ntelligence, or (D)exterity?
You feel clever. x2
You feel better. The komodo dragon barely misses you.
Casting: Sticky Flame (safe; 1% risk of failure)
Confirm with . or Enter, or press ? or * to list all spells.
Aiming: Sticky Flame (safe; 1% risk of failure)
Press: ? - help, Shift-Dir - straight line, f - komodo dragon
Aim: a komodo dragon (moderately wounded)
The sticky flame hits the komodo dragon.
The komodo dragon is heavily wounded.
The komodo dragon is covered in liquid flames!
The komodo dragon burns!
The komodo dragon bites you!!
You die...

..#.#...
..8..
#...... ....
#P.... ##.#
..... ##..†
#... P##
#..# ...##
#l#
.....##@#
........##
.........#
.........##
..........#
..........#
..........##
...........#
..........##


You could see a komodo dragon (burning).

Vanquished Creatures
  A two-headed ogre (D:8)
  Pikel (D:3)
  A centaur zombie (D:6)
  Joseph (D:7)
  A black mamba (Lair:2)
  4 spiny frogs
  A guardian serpent (shapeshifter) (D:10)
  2 komodo dragons
  A troll (D:9)
  A tyrant leech (Lair:2)
  10 hippogriffs
  Prince Ribbit (D:7)
  13 yaks
  2 hungry ghosts
  A basilisk (Lair:2)
  A swamp worm (Lair:2)
  12 water moccasins
  A porcupine (Lair:2)
  7 orc warriors
  A slave (D:3)
  2 ice beasts
  4 phantoms
  A black bear (D:10)
  2 sky beasts
  An eye of draining (D:10)
  3 ogres
  4 centaurs
  2 crocodiles
  9 bullfrogs
  6 scorpions
  7 wights
  6 howler monkeys
  An electric eel (D:7)
  3 crimson imps
  A bullfrog zombie (D:7)
  10 orc wizards
  A quasit (D:8)
  A jelly (D:5)
  6 orc priests
  A bullfrog skeleton (D:5)
  7 hounds
  A centaur skeleton (D:5)
  A gnoll shaman (D:5)
  Crazy Yiuf (D:5)
  5 iguanas
  2 worker ants
  2 hound skeletons
  2 hound zombies
  2 worker ant zombies
  10 gnolls
  A howler monkey skeleton (D:7)
  11 adders
  4 shadow imps
  An adder skeleton (D:8)
  2 adder zombies (D:6)
  2 worms (D:2)
  2 dart slugs (D:1)
  7 leopard geckos
  27 orcs
  A ball python (D:3)
  6 bats (D:1)
  3 giant cockroaches
  6 goblins
  4 hobgoblins
  12 jackals
  4 quokkas
  4 frilled lizards
  12 kobolds
  A leopard gecko skeleton (D:9)
  2 quokka skeletons
  A quokka zombie (D:5)
  3 rats
  A fungus (Lair:2)
284 creatures vanquished.

Vanquished Creatures (others)
  A fungus (D:10)
  3 plants (Lair:2)
4 creatures vanquished.

Grand Total: 288 creatures vanquished

Notes
Turn   | Place    | Note
-------+----------+-------------------------------------------
     0 | D:1      | nikopol the Deep Elf Fire Elementalist began the quest for
                  | the Orb.
     0 | D:1      | Reached XP level 1. HP: 10/10 MP: 6/6
   170 | D:1      | Reached XP level 2. HP: 15/15 MP: 4/8
  1190 | D:2      | Reached XP level 3. HP: 19/19 MP: 5/10
  1194 | D:2      | Learned a level 2 spell: Throw Flame
  1198 | D:2      | Learned a level 3 spell: Conjure Flame
  1427 | D:2      | Reached skill level 4 in Spellcasting
  2086 | D:3      | Found a deep blue altar of Sif Muna.
  2227 | D:3      | Reached XP level 4. HP: 23/24 MP: 4/12
  2285 | D:3      | Found an iron altar of Okawaru.
  2720 | D:4      | Noticed a centaur
  2961 | D:3      | Learned a level 4 spell: Sticky Flame
  3004 | D:4      | Noticed a slave
  3004 | D:4      | Noticed a slave
  3005 | D:4      | Noticed a slave
  3005 | D:4      | Noticed Pikel
  3007 | D:4      | Noticed a slave
  3247 | D:4      | Killed a centaur
  3247 | D:4      | Reached skill level 5 in Spellcasting
  3247 | D:4      | Reached XP level 5. HP: 18/28 MP: 7/14
  3372 | D:4      | Found Hifizody's Magic Scroll Boutique.
  3538 | D:4      | Reached XP level 6. HP: 5/33 MP: 12/16
  3843 | D:4      | Reached skill level 5 in Fire Magic
  3849 | D:4      | Reached skill level 6 in Spellcasting
  3994 | D:4      | Bought 2 scrolls of teleportation for 72 gold pieces
  3998 | D:4      | Bought a scroll of remove curse for 36 gold pieces
  4077 | D:4      | Found Lerchozok's Mass Market.
  4153 | D:3      | Killed a slave
  4268 | D:3      | Killed Pikel
  4268 | D:3      | Reached skill level 7 in Spellcasting
  4268 | D:3      | Reached XP level 7. HP: 17/37 MP: 11/19
  4440 | D:4      | Found a basalt altar of Yredelemnul.
  4529 | D:4      | Reached skill level 1 in Fighting
  4583 | D:4      | Learned a level 5 spell: Fireball
  4768 | D:5      | Entered Level 5 of the Dungeon
  4770 | D:5      | Reached XP level 8. HP: 43/43 MP: 14/21
  4901 | D:5      | Reached skill level 8 in Spellcasting
  5055 | D:5      | Reached skill level 5 in Conjurations
  5307 | D:5      | Reached skill level 9 in Spellcasting
  5833 | D:5      | Found a staircase to the Ecumenical Temple.
  5877 | Temple   | Entered the Ecumenical Temple
  6033 | D:5      | Found a sacrificial altar of Ru.
  6242 | D:5      | Found a runed door.
  6246 | D:5      | Noticed Crazy Yiuf
  6251 | D:5      | Killed Crazy Yiuf
  6564 | D:6      | Reached skill level 10 in Spellcasting
  6564 | D:6      | Reached XP level 9. HP: 30/47 MP: 13/25
  7525 | D:7      | Noticed Prince Ribbit
  7529 | D:7      | Killed Prince Ribbit
  7529 | D:7      | Reached skill level 11 in Spellcasting
  7537 | D:7      | Noticed Joseph
  7823 | D:7      | Killed Joseph
  8342 | D:7      | Reached XP level 10. HP: 31/52 MP: 2/27
  8468 | D:7      | Reached skill level 12 in Spellcasting
  8627 | D:7      | Found a glowing silver altar of Zin.
  8908 | D:7      | Found a shimmering altar of Xom.
  8909 | D:7      | Found a radiant altar of Vehumet.
  8910 | D:7      | Found a snail-covered altar of Cheibriados.
  8913 | D:7      | Became a worshipper of Vehumet
  8915 | D:7      | Found a white marble altar of Elyvilon.
  8916 | D:7      | Found an ornate altar of the Wu Jian Council.
  9700 | D:8      | Noticed a two-headed ogre
  9716 | D:8      | Killed a two-headed ogre
 10184 | D:8      | Reached * piety under Vehumet
 10184 | D:8      | Offered knowledge of Shock by Vehumet.
 10184 | D:8      | Reached skill level 13 in Spellcasting
 10617 | D:8      | Identified the Incunabulum of Enchantment and Dislocation
 10674 | D:8      | Learned a level 2 spell: Blink
 11157 | D:9      | Reached skill level 10 in Fire Magic
 11465 | D:10     | Entered Level 10 of the Dungeon
 11615 | D:10     | Reached XP level 11. HP: 51/57 MP: 8/30
 11985 | D:10     | Offered knowledge of Searing Ray by Vehumet.
 12002 | D:10     | Reached ** piety under Vehumet
 12065 | D:10     | Found Utul's Armour Shoppe.
 12449 | D:10     | Reached skill level 10 in Conjurations
 12631 | D:10     | Found a staircase to the Lair.
 13006 | Lair:1   | Entered Level 1 of the Lair of Beasts
 13011 | Lair:1   | Reached skill level 14 in Spellcasting
 13719 | Lair:1   | Offered knowledge of Stone Arrow by Vehumet.
 14451 | Lair:2   | Reached skill level 15 in Spellcasting
 14548 | Lair:2   | Found a staircase to the Swamp.
 15116 | Lair:2   | Reached skill level 5 in Dodging
 15312 | Lair:2   | Reached *** piety under Vehumet
 15312 | Lair:2   | Reached XP level 12. HP: 4/62 MP: 22/33
 15314 | Lair:2   | Mangled by a komodo dragon

Vault maps used:
D:1:      mushboom_english_gardens, chequers_serial_rivers_small_3,
          chequers_serial_rivers_small_b
D:3:      lemuel_blue_sif_altar, okawaru_ov_weapons_minmay
D:4:      kennysheep_mini_moat, first_ration, minmay_shop_mass,
          minmay_shop_grid_forest, uniq_pikel
D:5:      kennysheep_little_box, minmay_temple_entry_glassed_door,
          uniq_crazy_yiuf_cottage
D:7:      minitemple, basic_altar, kennysheep_opposing_triangles,
          uniq_prince_ribbit1, uniq_joseph
D:10:     grunt_lair_entry_orc_guard_hut, serial_shops, nicolae_shop_waterfront,
          grunt_ogre_cave
Temple:   eino_temple_lava
Lair:1:   chequers_serial_rivers_marsh
Lair:2:   beast_lair_carwin_large_2, minmay_swamp_entry_worms,
          chequers_serial_rivers_small_3, grunt_megastairs_4

Skill      XL: |  1  2  3  4  5  6  7  8  9 10 11 |
---------------+----------------------------------+-----
Fire Magic     | 4 6 7 9 10 11 | 11.4
Spellcasting   | 4 5 7 10 11 13 15 | 15.2
Stealth        | 3 4 |  4.4
Conjurations   | 2 4 6 7 9 11 | 11.1
Dodging        | 3 4 5 |  5.3
Fighting       | 1 |  1.9
Evocations     | |  0.2

Action                   |  1- 3 |  4- 6 |  7- 9 | 10-12 || total
-------------------------+-------+-------+-------+-------++-------
Melee: Unarmed           |     1 |       |     2 |       ||     3
 Cast: Flame Tongue      |    73 |    35 |   149 |   252 ||   509
       Throw Flame       |       |    17 |     6 |    10 ||    33
       Sticky Flame      |       |     4 |    29 |    52 ||    85
       Fireball          |       |       |    16 |    62 ||    78
       Conjure Flame     |       |       |     2 |     4 ||     6
Evoke: Wand              |       |       |     2 |     1 ||     3
  Use: Scroll            |       |     4 |     1 |     4 ||     9
       Potion            |       |       |       |     1 ||     1
  Eat: Chunk             |     4 |     3 |    13 |    20 ||    40
       Ration            |       |     1 |     1 |     2 ||     4
Armor: Robe              |     5 |     2 |    15 |    23 ||    45
Dodge: Dodged            |    22 |    12 |    36 |    57 ||   127

Table legend:
 A = Non-vault XP
 B = Vault XP
 C = Vault XP percentage of total XP
 D = Non-vault monster count
 E = Vault monster count
 F = Vault count percentage of total count
                 A         B        C        D         E       F
            +---------+---------+-------+---------+---------+-------
      Total |   17973 |    3904 |  17.8 |     262 |      20 |   7.1
            +---------+---------+-------+---------+---------+-------
        D:1 |      39 |       0 |   0.0 |      22 |       0 |   0.0
        D:2 |      34 |       0 |   0.0 |      10 |       0 |   0.0
        D:3 |      61 |     617 |  91.0 |      15 |       1 |   6.2
        D:4 |     762 |       0 |   0.0 |      26 |       0 |   0.0
        D:5 |     895 |      40 |   4.3 |      28 |       1 |   3.4
        D:6 |    1485 |       0 |   0.0 |      25 |       0 |   0.0
        D:7 |    1503 |    1030 |  40.7 |      30 |       6 |  16.7
        D:8 |    2747 |       0 |   0.0 |      31 |       0 |   0.0
        D:9 |    1366 |       0 |   0.0 |      29 |       0 |   0.0
       D:10 |    1999 |     523 |  20.7 |      13 |       5 |  27.8
     Lair:1 |    5021 |       0 |   0.0 |      23 |       0 |   0.0
     Lair:2 |    2061 |    1694 |  45.1 |      10 |       7 |  41.2
            +---------+---------+-------+---------+---------+-------
